 Dungeon Crawl Stone Soup version 0.30.1-9-gdf580d7c3d (webtiles) character file.

Game seed: 2007095392978293472

430 Ironcache the Digger (level 7, -8/56 HPs)
             Began as a Meteoran Earth Elementalist on Oct 9, 2023.
             Was an Initiate of Vehumet.
             Mangled by a gnoll
             ... wielding a +0 halberd
             ... led by a gnoll sergeant
              (13 damage)
             ... on level 5 of the Dungeon.
             The game lasted 00:24:40 (1976 turns).

Ironcache the Digger (Meteoran Earth Elementalist)  Turns: 1976, Time: 00:24:40

Health: -8/56      AC:  4    Str: 11    XL:     7   Next: 43%
Magic:  0/15       EV: 13    Int: 18    God:    Vehumet [......]
Gold:   283        SH:  0    Dex: 14    Spells: 9/15 levels left

rFire   . . .        s - staff of conjuration
rCold   . . .        (no shield)
rNeg    . . .        e - +0 robe
rPois   .            u - +2 hat
rElec   .            (no cloak)
rCorr   .            (no gloves)
SInv    +            (no boots)
Will    .....        (no amulet)
Stlth   +            h - ring of flight
HPRegen 0.29/turn    y - ring of see invisible
MPRegen 0.14/turn

%: no passive effects
@: flying, glowing
A: sense surroundings 1, otherworldly, glowing, explore regen
a: Renounce Religion


You were on level 5 of the Dungeon.
You worshipped Vehumet.
Vehumet was noncommittal.
You visited 2 branches of the dungeon, and saw 6 of its levels.

You collected 339 gold pieces.
You spent 56 gold pieces at shops.

Inventory:

Hand Weapons
 a - a +3 long sword
 c - a +0 club
Armour
 e - a +0 robe (worn)
 j - a +0 leather armour of positive energy
 o - the +4 scale mail "Cydint" {rF+ Dex+4}
   (You found it on level 2 of the Dungeon)

   Dex:       It affects your dexterity (+4).
   rF:        It protects you from fire.
 u - a +2 hat (worn)
Magical Staves
 s - a staff of conjuration (weapon)
Jewellery
 h - a ring of flight (left hand)
 m - a ring of protection from fire
 y - a ring of see invisible (right hand)
Scrolls
 g - a scroll of enchant armour
 q - 2 scrolls of teleportation
 r - a scroll of fog {unknown}
 x - a scroll of immolation {unknown}
Potions
 b - a potion of magic
 d - 3 potions of heal wounds
 f - 2 potions of mutation {unknown}
 i - 3 potions of lignification
 k - a potion of resistance {unknown}
 l - a potion of haste {unknown}
 n - 2 potions of might {unknown}
 p - 3 potions of curing
 t - 2 potions of flight {unknown}
 v - a potion of invisibility {unknown}
 w - a potion of ambrosia {unknown}


   Skills:
 + Level 2.7 Fighting
 + Level 4.0 Dodging
 - Level 2.0 Stealth
 * Level 4.7 Spellcasting
 + Level 3.3 Conjurations
 - Level 2.0 Transmutations
 - Level 5.0 Earth Magic


You had 9 spell levels left.
You knew the following spells:

 Your Spells              Type           Power      Damage    Failure   Level
a - Sandblast             Erth           44%        2d11      1%          1
b - Stone Arrow           Conj/Erth      56%        3d10      8%          3
c - Passwall              Tmut/Erth      13%        N/A       4%          2

Your spell library contained the following spells:

 Spells                   Type           Power      Damage    Failure   Level
 Petrify                  Tmut/Erth      16%        N/A       32%         4
 Animate Dead             Necr           4%         N/A       80%         4
 Haunt                    Necr/Summ      2%         N/A       100%        7
 Infestation              Necr           2%         N/A       100%        8


Dungeon Overview and Level Annotations

Branches:
Dungeon (5/15) Zot: 1187   Temple (1/1) D:4 Zot: 387

Altars:
Ashenzari
Cheibriados
Dithmenos
Elyvilon
Fedhas
Gozag
Kikubaaqudgha
Makhleb
Okawaru
Qazlal
Ru
Sif Muna
Trog
Uskayaw
Vehumet
Wu Jian
Xom
Zin

Shops:
D:3 ?


Innate Abilities, Weirdness & Mutations

You passively map a small area around you.
You are easily found by Zot.
You glow in the dark.
You regain HP and MP as you explore.


Message History

Press: ? - help, Shift-Dir - straight line, f/p - gnoll sergeant
Aim: a gnoll sergeant, wielding a +0 spear and wearing a +0 scale mail (severely wounded, 87% to hit)
The blast of sand hits the gnoll sergeant but does no damage.
The gnoll sergeant is severely wounded.
The gnoll shouts!
The gnoll sergeant hits you from afar with a +0 spear!
The gnoll sergeant hits you from afar with a +0 spear!
You reach down and open the door.
The gnoll misses you. The gnoll attacks as you move away!
The gnoll hits you with a +0 flail.
There is an open door here.
Casting: Sandblast (safe; 1% risk of failure)
Confirm with . or Enter, or press ? or * to list all spells.
Aiming: Passwall (safe; 4% risk of failure)
Press: ? - help, Dir - move target, p - gnoll sergeant A rock wall.
You miscast Passwall.
You are very lightly contaminated with residual magic.
Nothing appears to happen.
The gnoll barely misses you. The gnoll sergeant closely misses you.
The gnoll hits you with a +0 flail. The gnoll sergeant barely misses you.
The gnoll sergeant hits you from afar with a +0 spear.
The gnoll hits you with a +0 whip. The gnoll barely misses you.
The gnoll attacks as you move away! The gnoll barely misses you.
The gnoll attacks as you move away! The gnoll hits you with a +0 flail!
* * * LOW HITPOINT WARNING * * *
The gnoll attacks as you move away! The gnoll closely misses you.
The gnoll attacks as you move away! The gnoll hits you with a +0 flail!
* * * LOW HITPOINT WARNING * * *
Your magical contamination has completely faded away.
The gnoll attacks as you move away! The gnoll barely misses you.
Casting: Passwall (safe; 4% risk of failure)
Confirm with . or Enter, or press ? or * to list all spells.
Aiming: Passwall (safe; 4% risk of failure)
Press: ? - help, Dir - move target A rock wall.
The gnoll hits you with a +0 flail.
* * * LOW HITPOINT WARNING * * *
The gnoll hits you from afar with a +0 halberd!
You die...

..##≈≈≈##..#
#....).....##....
##≈≈≈##..^#
#..........##....
#≈≈≈##....#
#..........##....
* ≈≈≈##.....#
#.#####...###....
* ≈≈≈##......#
#g# ##### #....
≈≈##.......# #g#
#....
≈##.....)..# #g#
#....
#.........###g#
#....
########''##@)#
#.... #.....##
##### #######


You could see a gnoll sergeant and 3 gnolls.

Vanquished Creatures
  An ice beast (D:5)
  A scorpion (D:5)
  A jelly (D:4)
  An orc priest (D:4)
  3 hounds
  4 adders
  A gnoll (D:5)
  A shadow imp (D:5)
  2 worms (D:3)
  A dart slug (D:1)
  5 orcs
  9 ball pythons
  8 endoplasms
  2 giant cockroaches (D:4)
  5 hobgoblins
  6 jackals
  8 kobolds
  4 quokkas
  A bat (D:2)
  4 frilled lizards
  5 goblins
  3 rats (D:1)
76 creatures vanquished.

Notes
Turn   | Place    | Note
-------+----------+-------------------------------------------
     0 | D:1      | Ironcache the Meteoran Earth Elementalist began the quest
                  | for the Orb.
     0 | D:1      | Reached XP level 1. HP: 14/14 MP: 5/5
    65 | D:1      | Reached XP level 2. HP: 20/20 MP: 1/6
   257 | D:1      | Reached skill level 1 in Conjurations
   342 | D:1      | Reached XP level 3. HP: 27/27 MP: 6/8
   469 | D:1      | Learned a level 3 spell: Stone Arrow
   472 | D:1      | Learned a level 2 spell: Passwall
   485 | D:1      | Glimpsed the power of Zot.
   735 | D:2      | Identified the +4 scale mail "Cydint" {rF+ Dex+4}
   830 | D:2      | Reached skill level 1 in Fighting
   911 | D:3      | Reached XP level 4. HP: 35/35 MP: 6/9
   927 | D:3      | Reached skill level 4 in Earth Magic
   953 | D:3      | Reached XP level 5. HP: 37/40 MP: 4/10
  1082 | D:3      | Found Qufucamm's Magic Scroll Shoppe.
  1093 | D:3      | Bought a scroll of identify for 28 gold pieces
  1093 | D:3      | Bought a scroll of identify for 28 gold pieces
  1186 | D:4      | Found a white marble altar of Elyvilon.
  1187 | D:4      | Found a bloodstained altar of Trog.
  1187 | D:4      | Found a shimmering altar of Xom.
  1191 | D:4      | Found a radiant altar of Vehumet.
  1200 | D:4      | Found a burning altar of Makhleb.
  1200 | D:4      | Found a glowing silver altar of Zin.
  1200 | D:4      | Found a shadowy altar of Dithmenos.
  1201 | D:4      | Found an opulent altar of Gozag.
  1208 | D:4      | Became a worshipper of Vehumet
  1271 | D:4      | Reached XP level 6. HP: 43/48 MP: 3/12
  1420 | D:4      | Found a staircase to the Ecumenical Temple.
  1431 | Temple   | Entered the Ecumenical Temple
  1757 | D:5      | Entered Level 5 of the Dungeon
  1790 | D:5      | Found an iron altar of Okawaru.
  1839 | D:5      | Reached XP level 7. HP: 56/56 MP: 7/14
  1947 | D:5      | Reached skill level 5 in Earth Magic
  1976 | D:5      | Mangled by a gnoll

Illustrated notes

Levels and vault maps discovered:
D:1:      minmay_arrival_wavy_path, layout_loops_corners,
          ebering_ecumenical_altar_box
D:2:      layout_basic
D:3:      layout_rooms, serial_shops, nicolae_shop_crystal
D:4:      layout_gridville, grunt_temple_overflow_open,
          minmay_temple_entry_mist, st_stairs_4
D:5:      layout_basic, general_overflow_altar, kennysheep_opposing_triangles
Temple:   grunt_temple_mini_profane

Skill      XL: |  1  2  3  4  5  6  7 |
---------------+----------------------+-----
Conjurations   | 1 2 3 |  3.3
Fighting       | 1 2 |  2.7
Spellcasting   | 3 4 |  4.7
Earth Magic    | 4 5 |  5.0
Dodging        | 3 4 |  4.0
Transmutations | 2 |  2.0
Stealth        | 2 |  2.0

Action                     |  1- 3 |  4- 6 |  7- 9 || total
---------------------------+-------+-------+-------++-------
  Melee: Club              |     1 |       |       ||     1
         Long sword        |     4 |     1 |       ||     5
         Staff             |       |    14 |     3 ||    17
   Cast: Sandblast         |    37 |    48 |     6 ||    91
         Passwall          |     2 |     6 |     4 ||    12
         Stone Arrow       |       |    14 |    12 ||    26
    Use: Scroll            |       |     5 |       ||     5
 Armour: Robe              |     4 |    22 |     2 ||    28
  Dodge: Dodged            |    13 |    39 |    12 ||    64
